 Dungeon Crawl Stone Soup version 0.31-a0-986-g5e6e4ef867 (webtiles) character file.

Game seed: 11006841084361824272

3736 promet the Thaumaturge (level 9, -1/46 HPs)
             Began as a Deep Elf Fire Elementalist on Nov 18, 2023.
             Was a Follower of Hepliaklqana.
             Killed by divine providence
             ... invoked by an orc priest
              (6 damage)
             ... on level 7 of the Dungeon.
             The game lasted 01:02:13 (14188 turns).

promet the Thaumaturge (DEFE)                      Turns: 14188, Time: 01:02:14

Health: -1/46      AC:  5    Str:  7    XL:     9   Next: 93%
Magic:  0/24       EV: 12    Int: 26    God:    Hepliaklqana [*.....]
Gold:   148        SH:  0    Dex: 15    Spells: 11/26 levels left

rFire   . . .        a - +3 war axe of Infection {flame, rN++ Int+3}
rCold   . . .        (no shield)
rNeg    + + .        e - +0 troll leather armour
rPois   +            h - +1 helmet
rElec   .            (no cloak)
rCorr   .            (no gloves)
SInv    .            (no boots)
Will    .....        o - amulet of guardian spirit
Stlth   +++          r - ring of poison resistance
HPRegen 1.07/turn    (no ring)
MPRegen 0.19/turn

%: guardian spirit
@: very slightly contaminated
A: reduced essence
a: Renounce Religion, Recall Ancestor, Ancestor Identity


You were on level 7 of the Dungeon.
You worshipped Hepliaklqana.
Hepliaklqana was aware of your devotion.
You visited 2 branches of the dungeon, and saw 9 of its levels.

You collected 400 gold pieces.
You spent 252 gold pieces at shops.

Inventory:

Hand Weapons
 a - the +3 war axe of Infection (weapon) {flame, rN++ Int+3}
   (You found it on level 6 of the Dungeon)

   Int+3:     It affects your intelligence (+3).
   rN++:      It greatly protects you from negative energy.
 b - a +5 sling of draining
 c - a +4 vampiric trident
 f - a +0 spear
 k - a +0 rapier
 m - a +4 spear of venom
 u - a +0 shortbow
 w - a +0 short sword
 y - a +4 mace of protection
Missiles
 n - 34 stones
 p - 11 boomerangs (quivered)
 q - 5 curare-tipped darts
 v - 4 atropa-tipped darts
 x - 16 poisoned darts
Armour
 e - a +0 troll leather armour (worn)
 h - a +1 helmet (worn)
 s - a +0 robe
 B - an orb of guile
Jewellery
 o - an amulet of guardian spirit (around neck)
 r - a ring of poison resistance (left hand)
Wands
 t - a wand of flame (15)
Scrolls
 C - a scroll of identify
 F - a scroll of acquirement {unknown}
Potions
 d - a potion of invisibility {unknown}
 g - a potion of ambrosia {unknown}
 i - 2 potions of haste
 j - 3 potions of enlightenment
 l - 2 potions of lignification {unknown}
 z - 2 potions of berserk rage {unknown}
 A - a potion of curing
 D - a potion of heal wounds
 E - a potion of brilliance {unknown}


   Skills:
 * Level 4.4 Fighting
 + Level 0.3 Short Blades
 * Level 4.1 Axes
 + Level 0.6(2.4) Maces & Flails
 + Level 5.1 Ranged Weapons
 + Level 1.0 Throwing
 + Level 1.3 Armour
 + Level 3.5 Dodging
 + Level 4.6 Stealth
 + Level 9.2 Spellcasting
 * Level 5.2 Conjurations
 + Level 1.1 Summonings
 + Level 2.9 Translocations
 + Level 6.7 Fire Magic
 + Level 0.1 Air Magic


You had 11 spell levels left.
You knew the following spells:

 Your Spells              Type           Power      Damage    Failure   Level
a - Foxfire               Conj/Fire      100%       2x1d9     1%          1
b - Scorch                Fire           94%        2d8       1%          2
c - Volatile Blastmotes   Fire/Tloc      74%        2d16      3%          3
d - Call Imp              Summ           36%        N/A       7%          2
e - Mephitic Cloud        Conj/Pois/Air  21%        N/A       11%         3
f - Flame Wave            Conj/Fire      43%        2d11      6%          4

Your spell library contained the following spells:

 Spells                   Type           Power      Damage    Failure   Level
 Magic Dart               Conj           100%       1d8       1%          1
 Inner Flame              Hex/Fire       29%        N/A       5%          3
 Sublimation of Blood     Necr           11%        N/A       11%         2
 Wereblood                Tmut           11%        N/A       11%         2
 Iskenderun's Mystic Bla  Conj/Tloc      33%        2d8       14%         4
 Tukima's Dance           Hex            11%        N/A       22%         3
 Dimensional Bullseye     Hex/Tloc       9%         N/A       36%         4
 Summon Hydra             Summ           9%         N/A       100%        7


Dungeon Overview and Level Annotations

Branches:
Dungeon (8/15)             Temple (1/1) D:5
   Lair: D:8-11

Altars:
Ashenzari
Cheibriados
Dithmenos
Fedhas
Gozag
Hepliaklqana
Kikubaaqudgha
Makhleb
Nemelex Xobeh
Qazlal
Sif Muna
Trog
Uskayaw
Vehumet
Wu Jian
Xom
Yredelemnul
Zin
The Shining One

Shops:
D:2 ?   D:4 *   D:6 !   D:7 ?

Annotations:
D:8 Psyche


Message History

The killer bee closely misses Friðuswiþ.
The killer bee closely misses you.
Friðuswiþ misses the orc priest.
Magic courses through your body. The killer bee barely misses you.
The killer bee stings you.
* * * LOW HITPOINT WARNING * * *
The killer bee stings Friðuswiþ.
The orc priest looks encouraged for a moment.
The gnoll hits you with a +0 whip!
* * * LOW HITPOINT WARNING * * *
The killer bee closely misses you.
The killer bee barely misses Friðuswiþ.
The killer bee stings you.
* * * LOW HITPOINT WARNING * * *
Friðuswiþ hits the orc priest.
Casting: Flame Wave (dangerous; 6% risk of failure)
Confirm with . or Enter, or press ? or * to list all spells.
Casting: Flame Wave (dangerous; 6% risk of failure)
Press: ? - help, Dir - look around, f - activate A wave of flame ripples out!
The flame wave engulfs the killer bee!!
You kill the killer bee!
The flame wave engulfs the killer bee!!
You kill the killer bee!
The flame wave engulfs the gnoll!
You kill the gnoll! (Press . to intensify the flame waves.)
The killer bee stings Friðuswiþ.
The orc priest closely misses Friðuswiþ.
Friðuswiþ hits the killer bee!
The killer bee stings Friðuswiþ but does no damage.
Your Axes skill increases to level 4!
Casting: Flame Wave (dangerous; 6% risk of failure)
Confirm with . or Enter, or press ? or * to list all spells.
Restarting spell: Flame Wave (dangerous; 6% risk of failure)
Press: ? - help, Dir - look around, f - activate A wave of flame ripples out! (Press . to intensify the flame waves.)
The killer bee stings Friðuswiþ.
The orc priest jeers loudly.
The orc priest invokes the aid of Beogh against you.
Beogh smites you!
You die...

..#####..#######
#.........#
..#..###..##
.....###...#
.......##..##
........##..##
........##...#######
........###..#.....##
........#
##....@†Ro##
........# #.....).y.#
.......##
##.........# ###
.......# #..........#
#.# .......#
#..........# ##.#
......##
##..........# #..#
......# #...........#
#..## ......##
##..........# #...#
.......##
###.......## ##...#


You could see the friendly Friðuswiþ the ancestor, a killer bee (ally target)
and an orc priest.

Vanquished Creatures
  A cyclops (D:7)
  Jeremiah (D:7)
  A troll (D:7)
  A hornet (D:7)
  A steam dragon (D:7)
  A water moccasin (D:7)
  An ice beast (D:7)
  2 sky beasts (D:7)
  A black bear (D:4)
  A centaur (D:7)
  2 phantoms
  2 bullfrogs (D:7)
  A gnoll sergeant (D:7)
  2 scorpions
  3 killer bees (D:7)
  A howler monkey (D:4)
  4 jellies
  An orc priest (D:3)
  3 hounds
  5 iguanas
  A sleepcap (D:5)
  2 orc wizards
  Natasha (thrice) (D:4)
  Robin (D:3)
  6 gnolls
  4 adders
  A white imp (D:5)
  A worm (D:2)
  A dart slug (D:4)
  10 orcs
  10 ball pythons
  12 endoplasms
  3 giant cockroaches (D:1)
  12 goblins
  7 hobgoblins
  19 kobolds
  3 quokkas
  7 bats
  A frilled lizard (D:3)
  7 rats
146 creatures vanquished.

Vanquished Creatures (collateral kills)
  A yak (D:7)
  A water moccasin (D:7)
  An orc warrior (D:7)
  A sky beast (D:7)
  A kobold brigand (D:7)
  A gnoll sergeant (D:7)
  An orc wizard (D:7)
  An iguana (D:7)
  2 gnolls (D:7)
  A white imp (D:7)
  An ufetubus (D:7)
  4 kobolds
16 creatures vanquished.

Vanquished Creatures (others)
  3 ancestors (D:7)
  276 foxfires
279 creatures vanquished.

Grand Total: 441 creatures vanquished

Notes
Turn   | Place    | Note
-------+----------+-------------------------------------------
     0 | D:1      | promet the Deep Elf Fire Elementalist began the quest for
                  | the Orb.
     0 | D:1      | Reached XP level 1. HP: 10/10 MP: 6/6
   743 | D:1      | Reached XP level 2. HP: 8/15 MP: 8/8
  1104 | D:1      | Learned a level 2 spell: Scorch
  1282 | D:1      | Found a faded altar of an unknown god.
  1988 | D:1      | Reached XP level 3. HP: 19/19 MP: 7/9
  2232 | D:2      | Found Niostok's Magic Scroll Shoppe.
  3446 | D:2      | Reached XP level 4. HP: 24/24 MP: 7/11
  3866 | D:2      | Bought a scroll of blinking for 90 gold pieces
  4148 | D:3      | Reached skill level 4 in Spellcasting
  4148 | D:3      | Noticed Robin
  4156 | D:3      | Killed Robin
  4687 | D:3      | Learned a level 3 spell: Volatile Blastmotes
  5251 | D:3      | Reached skill level 1 in Fighting
  5251 | D:3      | Reached XP level 5. HP: 29/29 MP: 8/13
  5975 | D:4      | Noticed Natasha
  5980 | D:4      | Killed Natasha
  5981 | D:4      | Reached skill level 1 in Translocations
  6079 | D:4      | Reached XP level 6. HP: 34/34 MP: 6/15
  6381 | D:4      | Reached skill level 5 in Spellcasting
  6563 | D:2      | Bought a scroll of blinking for 90 gold pieces
  6769 | D:4      | Identified the +5 chain mail of the Hidden Vale {rPois}
  6779 | D:4      | Noticed Natasha
  6783 | D:4      | Killed Natasha
  6784 | D:4      | Reached skill level 1 in Ranged Weapons
  6800 | D:4      | Noticed Natasha
  6825 | D:4      | Killed Natasha
  7282 | D:4      | Found Zin's Purification Station.
  7392 | D:4      | Found a glowing silver altar of Zin.
  7612 | D:4      | Reached skill level 5 in Fire Magic
  7793 | D:4      | Found a broken altar of Ashenzari.
  8276 | D:5      | Entered Level 5 of the Dungeon
  8311 | D:5      | Reached XP level 7. HP: 33/39 MP: 10/17
  8480 | D:5      | Found a staircase to the Ecumenical Temple.
  8490 | Temple   | Entered the Ecumenical Temple
  8549 | Temple   | Became a worshipper of Hepliaklqana the Forgotten
  8754 | D:5      | Found a basalt altar of Yredelemnul.
  8829 | D:5      | Reached skill level 6 in Spellcasting
  9103 | D:5      | Found a glowing golden altar of the Shining One.
  9373 | D:6      | Learned a level 2 spell: Call Imp
  9377 | D:6      | Learned a level 3 spell: Mephitic Cloud
  9426 | D:6      | You fall into a shaft and drop 1 floor!
  9755 | D:6      | Identified the +3 war axe of Infection {flame, rN++ Int+3}
  9758 | D:6      | Found Alouso's Distillery.
  9831 | D:6      | Bought a potion of curing for 33 gold pieces
 10126 | D:7      | Noticed Jeremiah
 10139 | D:7      | Killed Jeremiah
 10140 | D:7      | Reached skill level 1 in Axes
 10140 | D:7      | Reached skill level 7 in Spellcasting
 10140 | D:7      | Reached XP level 8. HP: 45/45 MP: 7/20
 10705 | D:7      | Reached * piety under Hepliaklqana
 10817 | D:7      | Found Tuekofue's Magic Scroll Shop.
 11075 | D:7      | Noticed a troll
 11085 | D:7      | Killed a troll
 11096 | D:7      | Reached skill level 8 in Spellcasting
 11438 | D:7      | Bought a scroll of teleportation for 39 gold pieces
 11619 | D:7      | Reached XP level 9. HP: 45/45 MP: 14/23
 12002 | D:7      | Noticed a cyclops
 12087 | D:7      | Reached skill level 1 in Summonings
 12412 | D:7      | Found an ornate altar of the Wu Jian Council.
 12413 | D:7      | Found a shimmering altar of Xom.
 13078 | D:7      | Reached skill level 1 in Armour
 13126 | D:7      | Learned a level 4 spell: Flame Wave
 13268 | D:7      | Killed a cyclops
 13269 | D:7      | Reached skill level 5 in Ranged Weapons
 13269 | D:7      | Reached skill level 9 in Spellcasting
 13269 | D:7      | Reached skill level 5 in Conjurations
 13782 | D:8      | Found a hide-covered altar of Uskayaw.
 13830 | D:8      | Noticed Psyche
 14069 | D:7      | Reached skill level 1 in Throwing
 14188 | D:7      | Killed from afar by an orc priest

Illustrated notes

Levels and vault maps discovered:
D:1:      dpeg_arrival_ratfight, layout_loops_corners,
          dreamdust_ecumenical_altar_angels_and_demons
D:2:      layout_rooms, serial_shops, shop_statue, hex_medium,
          nicolae_grassy_gnolls, uniq_crazy_yiuf_cottage
D:3:      layout_loops_cross, hangedman_decor_growths,
          kennysheep_generic_room_9, uniq_robin
D:4:      layout_gridville, zin_purify, lemuel_round_altar, uniq_natasha
D:5:      layout_rooms, tso_oasis_becter, mainiacjoe_overflow_paths,
          minmay_temple_entry_poolview
D:6:      layout_cave_pools, serial_shops, shop
D:7:      nzn_winding_woodlands_three_and_one
          [nzn_winding_woodlands_5x15_river_crossing,
          nzn_winding_woodlands_5x15_crooked,
          nzn_winding_woodlands_5x15_split_checker,
          nzn_winding_woodlands_center_garden], layout_cave_pods,
          gammafunk_temple_overflow_pools, serial_shops, shop, chequers_jeans,
          uniq_jeremiah
D:8:      layout_rooms, nicolae_uskayaw_dance_hall, nicolae_ru_awakened_eye,
          gammafunk_ghost_grave, uniq_psyche
Temple:   nicolae_temple_ecumenical_triangle

Skill      XL: |  1  2  3  4  5  6  7  8  9 |
---------------+----------------------------+-----
Fire Magic     | 4 5 6 |  6.7
Stealth        | 3 4 |  4.6
Spellcasting   | 4 5 7 8 9 |  9.2
Fighting       | 1 2 3 4 |  4.4
Translocations | 1 2 |  2.9
Dodging        | 3 |  3.5
Conjurations   | 2 4 5 |  5.2
Ranged Weapons | 1 2 3 5 |  5.1
Axes           | 1 2 4 |  4.1
Summonings     | 1 |  1.1
Armour         | 1 |  1.3
Throwing       | 1 |  1.0
Short Blades   | |  0.3
Maces & Flails | |  0.6
Air Magic      | |  0.1

Action                     |  1- 3 |  4- 6 |  7- 9 || total
---------------------------+-------+-------+-------++-------
  Melee: Short sword       |     6 |    21 |     1 ||    28
         Flail             |       |     6 |     4 ||    10
         War axe           |       |       |    13 ||    13
   Fire: Sling             |       |    12 |    50 ||    62
  Throw: Stone             |     1 |       |       ||     1
         Dart              |       |       |     7 ||     7
         Boomerang         |       |       |     1 ||     1
   Cast: Foxfire           |    62 |    53 |    50 ||   165
         Scorch            |     6 |    32 |    39 ||    77
         Volatile Blastmot |       |    10 |    24 ||    34
         Mephitic Cloud    |       |       |     3 ||     3
         Call Imp          |       |       |    11 ||    11
         Flame Wave        |       |       |     3 ||     3
 Invoke: Recall Ancestor   |       |       |     2 ||     2
    Use: Scroll            |     3 |     7 |    14 ||    24
         Potion            |       |     3 |     5 ||     8
   Stab: Sleeping          |     2 |     1 |     1 ||     4
 Armour: Robe              |    20 |    23 |    50 ||    93
         Chain mail        |       |    21 |       ||    21
         Skin              |       |     1 |       ||     1
         Troll leather arm |       |       |    68 ||    68
  Dodge: Dodged            |    28 |    20 |    82 ||   130

Table legend: (Time is in decaauts)
 A = Elapsed time spent in this place.
 B = Non-inter-level travel time spent in this place.
 C = Inter-level travel time spent in this place.
 D = Time resting spent in this place.
 E = Time spent auto-exploring this place.
 F = Levels seen in this place.
 G = Mean time per level.
                   A        B        C        D        E       F      G
               +--------+--------+--------+--------+--------+-----+--------+
         Total |  14199 |  13698 |    501 |   7245 |   2186 |   9 | 1577.7 |
       Dungeon |  14126 |  13625 |    501 |   7245 |   2186 |   8 | 1765.8 |
        Temple |     72 |     72 |      0 |      0 |      0 |   1 |   72.0 |
               +--------+--------+--------+--------+--------+-----+--------+

Top non-repeatable levels by time:
     D:7: 4096 daAuts
     D:1: 2721 daAuts
     D:4: 2235 daAuts
     D:3: 2068 daAuts
     D:2: 1261 daAuts
     D:6: 893 daAuts
     D:5: 834 daAuts
  Temple: 72 daAuts
     D:8: 14 daAuts
